[Event "Early-Titled-Tuesday-Blitz-February-13-2024"]
[Site "Chess.com"]
[Date "2024.02.13"]
[Round "5"]
[White "TregubovP"]
[Black "evgchess5"]
[Result "0-1"]
[WhiteElo "2685"]
[BlackElo "2962"]
[TimeControl "180+1"]
[EndTime "8:59:18 PST"]
[Termination "evgchess5 won on time"]

1. e4 c5 2. Nf3 e6 3. c3 d5 4. e5 Nc6 5. d4 Bd7 6. Be2 f6 7. O-O fxe5 8. dxe5 Qc7 9. Re1 Nh6 10. Na3 a6 11. Nc2 Nf7 12. Bf4 Be7 13. Rb1 O-O 14.
Bd3 Be8 15. b4 b6 16. a4 Nh8 17. Ng5 Bxg5 18. Bxg5 Bg6 19. a5 b5 20. bxc5 Nxa5 21. Nd4 Qd7 22. Bxg6 Nxg6 23. c4 dxc4 24. Nc2 Qxd1 25.
Rbxd1 Nc6 26. Rd6 Ncxe5 27. c6 Rac8 28. Nd4 Nf7 0-1

[Event "Early-Titled-Tuesday-Blitz-February-13-2024"]
[Site "Chess.com"]
[Date "2024.02.13"]
[Round "5"]
[White "treadstone_71"]
[Black "Caroexpert"]
[Result "0-1"]
[WhiteElo "2294"]
[BlackElo "2546"]
[TimeControl "180+1"]
[EndTime "8:59:18 PST"]
[Termination "Caroexpert won by resignation"]

1. e4 c6 2. d4 d5 3. Nc3 dxe4 4. Nxe4 Nf6 5. Nxf6+ exf6 6. Bc4 Bd6 7. Qe2+ Be7 8. c3 O-O 9. Be3 Nd7 10. Nf3 Nb6 11.
Bd3 Nd5 12. c4 Bb4+ 13. Kf1 Nxe3+ 14. fxe3 Re8 15. a3 Bf8 16. Kf2 f5 17. Rhe1 f4 18. e4 Bg4 19. d5 Bc5+ 20. Kf1 Be3 21. h3 Bh5 22. g4 Bg6 23. e5 cxd5 24. Bxg6 hxg6 25.
Rad1 d4 26. Kg2 Qd7 27. b4 b6 28. Qd3 Qc6 29. b5 Qb7 30. Rf1 Rxe5 31. Kh2 Rc5 32. Nxd4 Rd8 33. Qc3 Qc7 34. Nc6 Rxd1 35. Rxd1 f3+ 36.
Kh1 Qg3 0-1

[Event "Early-Titled-Tuesday-Blitz-February-13-2024"]
[Site "Chess.com"]
[Date "2024.02.13"]
[Round "5"]
[White "nj123456"]
[Black "Juicy_Fork"]
[Result "0-1"]
[WhiteElo "2253"]
[BlackElo "2447"]
[TimeControl "180+1"]
[EndTime "8:59:18 PST"]
[Termination "Juicy_Fork won by checkmate"]

1. e4 e5 2. Nf3 Nc6 3. Bb5 a6 4. Ba4 d6 5. c3 Bd7 6. O-O g6 7. d4 Bg7 8. Re1 Nf6 9. h3 O-O 10.
Nbd2 Re8 11. Bc2 a5 12. Nf1 a4 13. Ng3 b5 14. Bd3 Na5 15. b4 axb3 16. axb3 c5 17.
d5 c4 18. bxc4 bxc4 19. Bc2 Rb8 20. Ba3 Qc7 21. Bb4 Nb7 22. Ra7 Ra8 23. Qa1 Qb8 24. Ra3 Nc5 25. Rxa8 Qxa8 26. Qxa8 Rxa8 27. Bxc5 dxc5 28.
Nxe5 Bb5 29. Rb1 Ra5 30. Nc6 Ra2 31. Rxb5 Rxc2 32. Rxc5 Rxc3 33. e5 Nd7 34. Ra5 Rc1+ 35. Kh2 Bxe5 36. Ra8+ Kg7 37. Nxe5 Nxe5 38. d6 c3 39. Rc8 f5 40. Ne2 Rc2 41. Nxc3 Rxf2 42. Rc7+ Kf6 43. d7 Ke7 44. Nd5+ Kd8 45. Rc8+ Kxd7 46.
Rh8 f4 47. Rxh7+ Kd6 48. Nf6 Nf3+ 49. Kh1 Rf1# 0-1

[Event "Early-Titled-Tuesday-Blitz-February-13-2024"]
[Site "Chess.com"]
[Date "2024.02.13"]
[Round "5"]
[White "AsaHoffmann"]
[Black "FMCarmona"]
[Result "1-0"]
[WhiteElo "2432"]
[BlackElo "2255"]
[TimeControl "180+1"]
[EndTime "8:59:18 PST"]
[Termination "AsaHoffmann won on time"]

1. d4 d5 2. Bg5 Nd7 3. c4 dxc4 4. Nc3 Ngf6 5. e4 h6 6. Bh4 g5 7. Bg3 e6 8. Bxc4 a6 9. Nge2 c5 10. d5 e5 11. a4 Bd6 12. Nc1 b6 13. Nd3 Qe7 14. O-O Nf8 15. Re1 Ng6 16. Rb1 O-O 17.
f3 Nh5 18. Bf2 Nhf4 19. g3 Nh3+ 20. Kg2 Nxf2 21. Nxf2 Bd7 22. Qd3 Bc8 23. Qe2 Kg7 24.
Ncd1 Qb7 25. Ne3 Ne7 26. Nd3 Bd7 27. Qc2 b5 28. Ba2 c4 29. Nf2 Rac8 30. axb5 axb5 31. Qd2 Qb6 32. Ra1 Bc5 33. Bb1 Ra8 34. Neg4 Rxa1 35.
Nxe5 Bc8 36. h4 Bd4 37. Neg4 Bxg4 38. Nxg4 f6 39. e5 Nxd5 40. Qc2 f5 41. e6 Qxe6 42. Rxe6 Rxb1 43. Qxb1 1-0

[Event "Early-Titled-Tuesday-Blitz-February-13-2024"]
[Site "Chess.com"]
[Date "2024.02.13"]
[Round "5"]
[White "Licancabur"]
[Black "JeFumeDesClopes"]
[Result "0-1"]
[WhiteElo "2437"]
[BlackElo "2588"]
[TimeControl "180+1"]
[EndTime "8:59:21 PST"]
[Termination "JeFumeDesClopes won on time"]

1. d4 Nf6 2. Bg5 Nc6 3. Bxf6 gxf6 4. g3 e5 5. e3 d5 6. Bg2 Be6 7. Ne2 h5 8. Nbc3 Ne7 9. h4 Qd7 10. Qd2 O-O-O 11. O-O-O Bh6 12. Kb1 Kb8 13. Nc1 Nf5 14. Nb3 Nd6 15. Nc5 Qc6 16. Bf1 exd4 17. Qxd4 Nf5 18.
Qb4 Bf8 19. N3a4 b6 20. Na6+ Kb7 21. Qb3 d4 22. Qd3 Qxa4 23. Bg2+ c6 24. e4 Qxa2+ 0-1

[Event "Early-Titled-Tuesday-Blitz-February-13-2024"]
[Site "Chess.com"]
[Date "2024.02.13"]
[Round "5"]
[White "VinzentSpitzl"]
[Black "pfalcon1949"]
[Result "1-0"]
[WhiteElo "2512"]
[BlackElo "1923"]
[TimeControl "180+1"]
[EndTime "8:59:22 PST"]
[Termination "VinzentSpitzl won on time"]

1. e4 e6 2. d4 d5 3. Nd2 Nc6 4. Ngf3 Nf6 5. e5 Nd7 6. Bd3 f6 7. Qe2 Nb4 8. c3 Nxd3+ 9. Qxd3 c5 10. O-O Be7 11. Re1 O-O 12. Nf1 f5 13. a3 b6 14.
b4 a5 15. b5 Qc7 16. a4 Re8 17. Ba3 Nf8 18. h4 Bb7 19. Qd2 Rac8 20. Rec1 c4 21. Bxe7 Qxe7 22. Ng3 Kh8 23. h5 Rb8 24. Ne2 Bc8 25. Nf4 Bd7 26. g3 Rec8 27. Kg2 Be8 28. Rh1 Bf7 29. Rh2 Nd7 30. Rah1 Kg8 31. Nh4 Qa3 32. Nh3 Qxa4 33. Ng5 Qxb5 34. Nxf7 Kxf7 35. Qg5 Rg8 36. Ng6 Rbe8 37. Nf4 Qc6 38. Ra1 Nf8 39.
h6 1-0

[Event "Early-Titled-Tuesday-Blitz-February-13-2024"]
[Site "Chess.com"]
[Date "2024.02.13"]
[Round "5"]
[White "Bauman_Guy"]
[Black "Yurovskykh_Oleksandr"]
[Result "1-0"]
[WhiteElo "2884"]
[BlackElo "2656"]
[TimeControl "180+1"]
[EndTime "8:59:24 PST"]
[Termination "Bauman_Guy won on time"]

1. e4 e6 2. d4 d5 3. Nc3 dxe4 4. Nxe4 Bd7 5. Nf3 Bc6 6. Bd3 Nd7 7. c3 Ngf6 8. Nxf6+ Nxf6 9. O-O Bd6 10. Re1 O-O 11. Ne5 Bxe5 12. Rxe5 Nd7 13. Re3 g6 14. b3 Re8 15. c4 b6 16. Bb2 Bb7 17. Qe2 c5 18. Rd1 cxd4 19. Bxd4 Qe7 20. Rh3 e5 21. Re3 f6 22. Bc3 Nc5 23. h4 Rad8 24. f4 Nxd3 25. Rexd3 Rxd3 26. Qxd3 exf4 27. Re1 Qf7 28. Rf1 Re6 29.
Rxf4 h5 30. Qd8+ Kg7 31. Rd4 Bc6 32. Rf4 Bb7 33. a4 Bc6 34. Kh2 Kh7 35. Bxf6 Re8 36. Qd2 Qe6 37. Bc3 Re7 38. Qd4 Qg8 39. Qf6 1-0

[Event "Early-Titled-Tuesday-Blitz-February-13-2024"]
[Site "Chess.com"]
[Date "2024.02.13"]
[Round "5"]
[White "sergoy"]
[Black "kleinebeer98"]
[Result "0-1"]
[WhiteElo "2970"]
[BlackElo "2854"]
[TimeControl "180+1"]
[EndTime "8:59:25 PST"]
[Termination "kleinebeer98 won by resignation"]

1. d4 Nf6 2. c4 a6 3. Nc3 b5 4.
cxb5 axb5 5. Nxb5 e5 6. e3 exd4 7. exd4 Bb4+ 8. Nc3 O-O 9. Nf3 Nd5 10. Bd2 Re8+ 11.
Be2 Ba6 12. Ne5 Bxc3 13. bxc3 Bxe2 14. Qxe2 d6 15. O-O dxe5 16. dxe5 Nc6 17. f4 Nb6 18. Be3 Qd5 19. Rfd1 Qe4 20. Qd3 Qxd3 21. Rxd3 Nc4 22.
Bf2 Ra4 23. Rd7 Re7 24. Rxe7 Nxe7 25. Rd1 h6 26. Rd7 Rxa2 27. g3 Nf5 28. Kg2 h5 29. Rxc7 Nd2 30. Kh3 Nf3 31. Kg2 Nxh2 32. Kxh2 Rxf2+ 33. Kg1 Rc2 34. c4 Nxg3 35. Rc8+ Kh7 36. c5 h4 37. e6 h3 0-1

[Event "Early-Titled-Tuesday-Blitz-February-13-2024"]
[Site "Chess.com"]
[Date "2024.02.13"]
[Round "5"]
[White "Viktor_Poddubnyi"]
[Black "lluiss"]
[Result "0-1"]
[WhiteElo "2263"]
[BlackElo "2152"]
[TimeControl "180+1"]
[EndTime "8:59:25 PST"]
[Termination "lluiss won on time"]

1. e4 e6 2. d4 d5 3. Nd2 Nf6 4. e5 Nfd7 5. Bd3 Be7 6. Ngf3 b6 7. O-O Ba6 8. Ne1 Bxd3 9. Nxd3 O-O 10. Nf4 c5 11. c3 Nc6 12. Qg4 cxd4 13. Nh5 g6 14. cxd4 Kh8 15. Ng3 f5 16. exf6 Nxf6 17. Qxe6 Nxd4 18.
Qe5 Nc6 19. Qe2 Qd7 20. Nf3 Rfe8 21. Rd1 Bc5 22. Qd3 Ng4 23. Nh1 Nb4 24. Qc3+ Kg8 25. a3 Nc6 26. b4 Bf8 27. Bb2 d4 28. Nxd4 Bg7 0-1

[Event "Early-Titled-Tuesday-Blitz-February-13-2024"]
[Site "Chess.com"]
[Date "2024.02.13"]
[Round "5"]
[White "only_strong_moves"]
[Black "jcibarra"]
[Result "0-1"]
[WhiteElo "2689"]
[BlackElo "2965"]
[TimeControl "180+1"]
[EndTime "8:59:26 PST"]
[Termination "jcibarra won by resignation"]

1. e4 c5 2. Nf3 e6 3. d4 cxd4 4.
Nxd4 Bc5 5. Be3 Qb6 6. Nb5 Bxe3 7.
Nd6+ Kf8 8. fxe3 Qxe3+ 9. Be2 Nc6 10. Qd2 Qxd2+ 11. Nxd2 Ne5 12. O-O Ke7 13. Rad1 Nf6 14. N2c4 Nxc4 15. Bxc4 Rf8 16. e5 Ne8 17. Bd3 Nxd6 18. exd6+ Kxd6 19. Bxh7+ Ke7 20. Bd3 d5 21. Rf3 Bd7 22. Rg3 g6 23. Rf1 Rac8 24. Re3 f5 25. h4 Kd6 26. Rd1 e5 27. c3 e4 28.
Bc2 Ke5 29. Bb3 Be6 30. Rg3 Rf6 31. Rg5 Rh8 32. g3 Rh5 33. Rxh5 gxh5 34. Kf2 f4 35. gxf4+ Rxf4+ 36. Ke3 Rxh4 37. Rg1 Rh3+ 38. Ke2 Bg4+ 39. Kf2 e3+ 40. Ke1 Rh2 0-1

[Event "Early-Titled-Tuesday-Blitz-February-13-2024"]
[Site "Chess.com"]
[Date "2024.02.13"]
[Round "5"]
[White "saraswathii"]
[Black "DenizG123"]
[Result "1-0"]
[WhiteElo "2369"]
[BlackElo "2119"]
[TimeControl "180+1"]
[EndTime "8:59:27 PST"]
[Termination "saraswathii won on time"]

1. e4 c5 2. Nf3 Nc6 3. d3 Nf6 4. g3 d5 5. e5 Nd7 6. Bf4 g6 7. Bg2 Bg7 8. Qe2 e6 9. c3 O-O 10. O-O b5 11. h4 b4 12. Nbd2 a5 13. Rfe1 Ba6 14. Nf1 Qb6 15. N1h2 c4 16. d4 h5 17. g4 hxg4 18. Nxg4 Rab8 19. Rac1 a4 20. h5 gxh5 21. Ne3 a3 22. Ng5 f6 23. Nxe6 Rfe8 24. Nxg7 Kxg7 25.
Nxd5 Qd8 26. Qxh5 Rh8 27. Qg4+ Kf8 28. e6 1-0

[Event "Early-Titled-Tuesday-Blitz-February-13-2024"]
[Site "Chess.com"]
[Date "2024.02.13"]
[Round "5"]
[White "Fernando_Offermann"]
[Black "JonaszBaum"]
[Result "0-1"]
[WhiteElo "2502"]
[BlackElo "2654"]
[TimeControl "180+1"]
[EndTime "8:59:28 PST"]
[Termination "JonaszBaum won by resignation"]

1. Nf3 c5 2. g3 Nc6 3. Bg2 e5 4. O-O d5 5. d3 Nf6 6. e4 Be7 7. exd5 Nxd5 8. Re1 f6 9. c3 O-O 10. d4 cxd4 11. cxd4 Bb4 12. Bd2 exd4 13. Bxb4 Ndxb4 14. a3 Na6 15. b4 Nc7 16. Nbd2 Be6 17.
Nb3 Bd5 18. Nbxd4 Nxd4 19. Nxd4 Bxg2 20. Kxg2 Qd5+ 21. Nf3 Rfe8 22. Qxd5+ Nxd5 23. Rxe8+ Rxe8 24. Rd1 Nb6 25. Kf1 Rc8 26. Nd4 Rd8 27. Ke2 Nc4 28.
Nc2 Rxd1 29. Kxd1 Kf7 30. Ke2 Ke6 31. Kd3 Kd5 32. a4 Nb2+ 33. Kc3 Nxa4+ 34. Kb3 Nb6 35. Kc3 Ke4 36. Ne1 f5 37. Nd3 Kf3 38. Kd4 g6 39.
h4 Nd7 40. Kd5 Ke2 41. Kd4 a6 42. Kc4 b6 43. Kd4 a5 44. b5 a4 45. Kc3 a3 46. Kc2 Kf3 47. Kb3 Ke2 48. Nf4+ Kxf2 49. Ne6 Kxg3 50. Ng5 Kxh4 51. Nxh7 f4 52. Kxa3 f3 0-1

[Event "Early-Titled-Tuesday-Blitz-February-13-2024"]
[Site "Chess.com"]
[Date "2024.02.13"]
[Round "5"]
[White "ccccvhhhj"]
[Black "vladgoncharov"]
[Result "0-1"]
[WhiteElo "2486"]
[BlackElo "2628"]
[TimeControl "180+1"]
[EndTime "8:59:29 PST"]
[Termination "vladgoncharov won on time"]

1. e4 e6 2. Nf3 d5 3. e5 c5 4. b4 cxb4 5. a3 b3 6. cxb3 Nc6 7. d4 Nge7 8. Bd3 Nf5 9. Bc2 Nh4 10.
Nxh4 Qxh4 11. Be3 Bd7 12. O-O Qd8 13. f4 g6 14. Nc3 Rc8 15. Nb5 Qb6 16. Nd6+ Bxd6 17.
exd6 f5 18. b4 Nd8 19. Bf2 Qxd6 20. Bh4 O-O 21. Qe2 a6 22. Rae1 Bb5 23. Bd3 Bxd3 24.
Qxd3 Rc4 25. Re2 Nc6 26. Rfe1 Rxd4 27. Qg3 Re4 28. Bg5 Nd4 29. Rxe4 fxe4 30. h4 Nf5 31. Qg4 Qb6+ 32. Kh2 h5 33. Qe2 Rc8 34. Qb2 Qd4 35. Qb1 Qd3 36. Qb2 Rc2 37. Qf6 Qg3+ 0-1

[Event "Early-Titled-Tuesday-Blitz-February-13-2024"]
[Site "Chess.com"]
[Date "2024.02.13"]
[Round "5"]
[White "HelvertHernandez"]
[Black "JaackCamel"]
[Result "1/2-1/2"]
[WhiteElo "1951"]
[BlackElo "2199"]
[TimeControl "180+1"]
[EndTime "8:59:30 PST"]
[Termination "Game drawn by repetition"]

1. e4 e6 2. d4 d5 3. exd5 exd5 4. Nf3 Nf6 5. Bd3 Bd6 6. O-O O-O 7. h3 Nbd7 8. Bg5 c6 9. Re1 Qc7 10. c3 b6 11. Nbd2 a5 12. Nf1 Ba6 13. Bh4 Bxd3 14. Qxd3 Ne4 15. N3d2 Ndf6 16. Nxe4 Nxe4 17. Nd2 Nxd2 18.
Qxd2 Bf4 19. Qd3 Bd6 20. Qf5 Rae8 21. Qg4 Qc8 22. Qxc8 Rxc8 23. Re2 Rfe8 24. Rae1 Kf8 25. Bg3 Bxg3 26. fxg3 b5 27. Kf2 Rxe2+ 28. Rxe2 Re8 29. Rxe8+ Kxe8 30. Ke3 Ke7 31. Kf4 Ke6 32. g4 f6 33.
g5 f5 34. g4 fxg4 35. Kxg4 g6 36. h4 a4 37. Kf4 Kd6 38. a3 Ke6 39. Kg4 Kd6 40.
Kf4 c5 41. Kg4 cxd4 42. cxd4 Ke6 43. Kf4 Kd6 44. Ke3 Kc6 45. Kd3 Kb6 46. Kc3 Ka5 47.
b4+ axb3 48. Kxb3 Ka6 49. Kb4 Kb6 50. a4 bxa4 51. Kxa4 Ka6 52. Kb4 Kb6 53. Ka4 Ka6 54. Kb4 Kb6 55. Ka4 1/2-1/2

[Event "Early-Titled-Tuesday-Blitz-February-13-2024"]
[Site "Chess.com"]
[Date "2024.02.13"]
[Round "5"]
[White "iwanyu"]
[Black "MKlose11"]
[Result "1-0"]
[WhiteElo "2873"]
[BlackElo "2644"]
[TimeControl "180+1"]
[EndTime "8:59:31 PST"]
[Termination "iwanyu won by resignation"]

1. d4 Nf6 2. c4 c5 3. d5 b5 4. cxb5 a6 5. e3 g6 6. Nc3 Bg7 7. Nf3 O-O 8. a4 d6 9. e4 Nbd7 10. Qc2 Ne8 11. h4 Nc7 12. h5 axb5 13. Nxb5 Nxb5 14.
Bxb5 Ba6 15. Bxa6 Rxa6 16. Bd2 Qb6 17. Bc3 Rb8 18. hxg6 hxg6 19. Ng5 Bxc3+ 20. Qxc3 Nf6 21. Qh3 Qb4+ 22. Kf1 Kf8 23. Qh8+ Ng8 24. Qh7 Ke8 25.
Qxg8+ Kd7 26. Qxf7 Qxb2 27. Qe6+ Kd8 28. Rh8+ Qxh8 29. Nf7+ Kc7 30. Qxe7+ Kb6 31. Nxh8 1-0

[Event "Early-Titled-Tuesday-Blitz-February-13-2024"]
[Site "Chess.com"]
[Date "2024.02.13"]
[Round "5"]
[White "RobertoJBM"]
[Black "Predator0608"]
[Result "1-0"]
[WhiteElo "2807"]
[BlackElo "2573"]
[TimeControl "180+1"]
[EndTime "8:59:31 PST"]
[Termination "RobertoJBM won by resignation"]

1. d4 d5 2. Nf3 Nf6 3. e3 Bf5 4. Bd3 Bxd3 5. Qxd3 Nbd7 6. c4 e6 7. Nc3 Be7 8. O-O O-O 9. Rd1 dxc4 10. Qxc4 Nb6 11.
Qe2 Qd7 12. Ne5 Qe8 13. e4 Nfd7 14. Nf3 c6 15. a4 a5 16. Be3 Bb4 17. Qc2 Rd8 18. Ne2 Qe7 19. Rac1 Nc8 20. Qb3 h6 21.
Nf4 Nf6 22. Qc2 Ng4 23. Bd2 e5 24. Bxb4 axb4 25. dxe5 Nxe5 26. Nd4 Qg5 27. Nfe2 Qg6 28. Nf5 Kh7 29. f4 Ng4 30. h3 Nf6 31. g4 Rfe8 32. Neg3 h5 33. Nh4 b3 34. Qxb3 Rxd1+ 35. Rxd1 1-0

[Event "Early-Titled-Tuesday-Blitz-February-13-2024"]
[Site "Chess.com"]
[Date "2024.02.13"]
[Round "5"]
[White "WiktoriaPOL"]
[Black "Flaccidmoves"]
[Result "1-0"]
[WhiteElo "2281"]
[BlackElo "2423"]
[TimeControl "180+1"]
[EndTime "8:59:31 PST"]
[Termination "WiktoriaPOL won by checkmate"]

1. c4 e5 2. Nc3 Bb4 3. Nd5 Be7 4. Nf3 Nc6 5. d3 Nf6 6. Nxe7 Qxe7 7. g3 e4 8. dxe4 Nxe4 9. Bg2 Qc5 10. O-O Qxc4 11.
b3 Qe6 12. Nd4 Nxd4 13. Qxd4 Nf6 14. Bf4 d6 15. Rac1 Qe7 16. Qa4+ Bd7 17. Qb4 Bc8 18.
Bxb7 Bxb7 19. Qxb7 O-O 20. Rxc7 Qxe2 21. Bxd6 Rfb8 22.
Qc6 Qxa2 23. Qc4 Rf8 24. Bxf8 Rxf8 25. Rc8 g6 26. Rxf8+ Kxf8 27. Rc1 Kg7 28. Qc3 Qa6 29. Ra1 Qb6 30. Ra4 Kg8 31. Rc4 h5 32. Rc6 Ne4 33.
Rc8+ Kh7 34. Rh8# 1-0

[Event "Early-Titled-Tuesday-Blitz-February-13-2024"]
[Site "Chess.com"]
[Date "2024.02.13"]
[Round "5"]
[White "Helenita13"]
[Black "Balla_Tamas"]
[Result "0-1"]
[WhiteElo "2126"]
[BlackElo "2395"]
[TimeControl "180+1"]
[EndTime "8:59:31 PST"]
[Termination "Balla_Tamas won by resignation"]

1. b3 c5 2. Bb2 d5 3. e3 a6 4. Nf3 Nc6 5. c4 d4 6. exd4 cxd4 7. d3 Nf6 8. h3 Bf5 9. Be2 e5 10.
O-O Bd6 11. Re1 O-O 12. Bf1 Re8 13. Nbd2 Rc8 14. a3 b5 15. Rc1 bxc4 16. Nxc4 h6 17. Rc2 Nd5 18. Nfd2 Nf4 19. Ne4 Bb8 20. Bc1 Bxe4 21.
Rxe4 Qg5 22. Bxf4 exf4 23. Qf3 Ne5 24. Rxe5 Bxe5 25. Qb7 Bf6 26. Re2 Rcd8 27. Qc6 Rxe2 28. Bxe2 Qb5 29. Qxb5 axb5 30. Na5 Rc8 31. Bf3 Rc1+ 32.
Kh2 Rc3 33. Be4 Be5 34. g3 fxg3+ 35. fxg3 Rc2+ 36. Kg1 Bxg3 37. Nc6 Bf2+ 38. Kg2 Be3+ 39. Kf3 Ra2 40. a4 bxa4 41. bxa4 Rxa4 42. Ne5 Ra2 43.
Bd5 Rf2+ 44. Kg3 Rf5 45. Nxf7 Rxf7 46. Bxf7+ Kxf7 47. h4 Kf6 48. h5 Kg5 0-1

[Event "Early-Titled-Tuesday-Blitz-February-13-2024"]
[Site "Chess.com"]
[Date "2024.02.13"]
[Round "5"]
[White "Crazy_girl99"]
[Black "tusplingher"]
[Result "0-1"]
[WhiteElo "2588"]
[BlackElo "2470"]
[TimeControl "180+1"]
[EndTime "8:59:33 PST"]
[Termination "tusplingher won by resignation"]

1. e4 c5 2. Nf3 d6 3. d4 cxd4 4.
Nxd4 Nf6 5. Nc3 a6 6. Be3 Ng4 7. Bg5 h6 8. Bh4 g5 9. Bg3 Bg7 10. Be2 h5 11. h4 Nc6 12. Nb3 gxh4 13. Bxh4 Be6 14. Qd2 Qb6 15. Nd5 Bxd5 16. exd5 Nce5 17. O-O-O Bh6 18. f4 Ng6 19. Bxg4 Bxf4 20. Qxf4 Nxf4 21. Bf3 Ng6 22. Bg5 Rc8 23. Kb1 Qf2 24. Nd4 Qg3 25.
Bc1 Ne5 26. Bxh5 Qxg2 27. Bf3 Rxh1 28. Rxh1 Nxf3 29. Rh8+ Kd7 30. Rxc8 Kxc8 31. Nf5 Qf1 32. Ne3 Nd2+ 0-1

[Event "Early-Titled-Tuesday-Blitz-February-13-2024"]
[Site "Chess.com"]
[Date "2024.02.13"]
[Round "5"]
[White "Rud_Makarian"]
[Black "blitzking1729"]
[Result "1-0"]
[WhiteElo "3031"]
[BlackElo "2716"]
[TimeControl "180+1"]
[EndTime "8:59:35 PST"]
[Termination "Rud_Makarian won by resignation"]

1. Nf3 d5 2. c4 d4 3. g3 g6 4. Bg2 Bg7 5. b4 a5 6. b5 c5 7. O-O Nh6 8. d3 O-O 9. a4 Nd7 10. Ra2 Rb8 11. e3 Nf5 12. e4 Nd6 13. Re2 e5 14. h4 Nb6 15. Bd2 Bg4 16. Bxa5 Ra8 17. Bxb6 Qxb6 18. Nbd2 f5 19. exf5 Rxf5 20. Ng5 Bxe2 21.
Qxe2 Rxa4 22. Nde4 Ne8 23. Bh3 h6 24. Bxf5 gxf5 25.
Qh5 Ra8 26. Qf7+ Kh8 27. Qxf5 hxg5 28. hxg5 Kg8 29. Kg2 Nc7 30. Nf6+ Bxf6 31. gxf6 Kf7 32. Rh1 Rg8 33. Rh7+ Kf8 34. Qc8+ Ne8 35. f7 Rxg3+ 36.
fxg3 1-0

[Event "Early-Titled-Tuesday-Blitz-February-13-2024"]
[Site "Chess.com"]
[Date "2024.02.13"]
[Round "5"]
[White "sewlins"]
[Black "AndresDelgado77"]
[Result "0-1"]
[WhiteElo "2113"]
[BlackElo "2362"]
[TimeControl "180+1"]
[EndTime "8:59:35 PST"]
[Termination "AndresDelgado77 won on time"]

1. Nf3 Nf6 2. c4 g6 3. Nc3 Bg7 4. g3 d6 5. Bg2 O-O 6. O-O c6 7. d4 Qb6 8. e4 Bg4 9. h3 Bxf3 10. Bxf3 Nfd7 11. Ne2 c5 12. Be3 Qxb2 13. Rb1 Qxa2 14.
Rxb7 Qxc4 15. e5 cxd4 16. Bxd4 dxe5 17. Bxa7 e4 18. Bg2 Qa6 19. Rxb8 Nxb8 20. Bxb8 Raxb8 21. Bxe4 Rfd8 22. Qe1 Rb2 23. Nf4 Qc4 24. Kh1 Bc3 25. Qa1 Qxe4+ 0-1

[Event "Early-Titled-Tuesday-Blitz-February-13-2024"]
[Site "Chess.com"]
[Date "2024.02.13"]
[Round "5"]
[White "Elegance_Riks"]
[Black "Herzog2012"]
[Result "1-0"]
[WhiteElo "2775"]
[BlackElo "2525"]
[TimeControl "180+1"]
[EndTime "8:59:36 PST"]
[Termination "Elegance_Riks won by checkmate"]

1. Nf3 Nf6 2. c4 e6 3. g3 d5 4. Bg2 Be7 5. O-O O-O 6. b3 b6 7.
Bb2 Bb7 8. Ne5 Nbd7 9. d4 Nxe5 10. dxe5 Ne4 11. Nd2 Nxd2 12. Qxd2 Qd7 13. cxd5 Bxd5 14.
Rfd1 Rfd8 15. Qc3 Qc8 16. Bxd5 exd5 17. e6 f6 18. Qe3 Rd6 19. Rac1 Rxe6 20. Qf3 Qb7 21.
Rxd5 Bd6 22. Rcd1 Rae8 23. e3 Be5 24. Bxe5 Rxe5 25. Kg2 Rxd5 26. Rxd5 c6 27. Rd6 Rc8 28. Qf5 Qc7 29. Qe6+ Kf8 30. Rd7 Re8 31. Qf7# 1-0

[Event "Early-Titled-Tuesday-Blitz-February-13-2024"]
[Site "Chess.com"]
[Date "2024.02.13"]
[Round "5"]
[White "lucasran"]
[Black "Zampronha1971"]
[Result "1-0"]
[WhiteElo "2683"]
[BlackElo "2313"]
[TimeControl "180+1"]
[EndTime "8:59:36 PST"]
[Termination "lucasran won by checkmate"]

1. Nf3 Nf6 2. c4 e6 3. g3 d5 4.
Bg2 Be7 5. O-O O-O 6. b3 c5 7.
cxd5 exd5 8. d4 Nc6 9. Bb2 Be6 10. Nc3 Rc8 11. Rc1 Qa5 12. dxc5 Bxc5 13. Na4 Be7 14. Bc3 Bb4 15. Bxb4 Nxb4 16. Qd2 Ne4 17.
Qb2 b5 18. Nc3 Nxc3 19. Rxc3 Qxa2 20. Qc1 Rxc3 21. Qxc3 a5 22. Nd4 Rc8 23. Qf3 a4 24.
Nxe6 fxe6 25. Bh3 Re8 26. bxa4 bxa4 27. Qh5 g6 28. Qh4 Qxe2 29. Qxb4 d4 30. Re1 Qd3 31. Bxe6+ Kg7 32. Qb7+ Kh6 33. Re4 a3 34. Rh4+ Kg5 35.
f4+ Kf6 36. Qf7# 1-0

[Event "Early-Titled-Tuesday-Blitz-February-13-2024"]
[Site "Chess.com"]
[Date "2024.02.13"]
[Round "5"]
[White "KorolDimitriy75"]
[Black "Dewarfd"]
[Result "1-0"]
[WhiteElo "2399"]
[BlackElo "2156"]
[TimeControl "180+1"]
[EndTime "8:59:36 PST"]
[Termination "KorolDimitriy75 won on time"]

1. d4 Nf6 2. c4 g6 3. Nc3 d5 4. cxd5 Nxd5 5. e4 Nxc3 6. bxc3 Bg7 7. Nf3 c5 8. Rb1 O-O 9. Be2 Nc6 10. d5 Bxc3+ 11. Bd2 Bxd2+ 12. Qxd2 Nd4 13. Nxd4 cxd4 14. Qxd4 Qa5+ 15. Qd2 Qxd2+ 16. Kxd2 f5 17. Rhc1 fxe4 18. Ke3 Rf6 19. Rc7 Rd6 20. Rxe7 Kf8 21. Rxh7 Rxd5 22. Rc1 Be6 23. Rxb7 Ra5 24. Rc6 Ra3+ 25. Kf4 Re8 26. Bb5 1-0

[Event "Early-Titled-Tuesday-Blitz-February-13-2024"]
[Site "Chess.com"]
[Date "2024.02.13"]
[Round "5"]
[White "SimonKnightRivendell"]
[Black "rachidhuilda"]
[Result "0-1"]
[WhiteElo "2083"]
[BlackElo "2314"]
[TimeControl "180+1"]
[EndTime "8:59:37 PST"]
[Termination "rachidhuilda won on time"]

1. d4 Nf6 2. c4 c5 3. Nf3 cxd4 4. Nxd4 e5 5. Nf3 Nc6 6. g3 d5 7. cxd5 Qxd5 8. Qxd5 Nxd5 9. Bg2 Nb6 10. O-O Be7 11. Nc3 Be6 12. Rd1 O-O 13. Nb5 Rfd8 14. Be3 Nc4 15. Bd2 e4 16. Ng5 Rxd2 17. Nxe6 fxe6 18. b3 Rad8 19. Rxd2 Nxd2 20. Rc1 Kf7 21. Nc3 e3 22.
Ne4 Nxe4 23. Bxe4 exf2+ 24. Kxf2 Rd2 25. a4 Na5 26. Rc7 Kf6 27. Ke3 Rb2 28. Bc2 Bd6 29.
Rc3 Be5 0-1

[Event "Early-Titled-Tuesday-Blitz-February-13-2024"]
[Site "Chess.com"]
[Date "2024.02.13"]
[Round "5"]
[White "jocmil"]
[Black "TitarovVasiliYouTube"]
[Result "1-0"]
[WhiteElo "2745"]
[BlackElo "2516"]
[TimeControl "180+1"]
[EndTime "8:59:40 PST"]
[Termination "jocmil won by checkmate"]

1. e4 c5 2. Nf3 Nf6 3. d3 d5 4. Nbd2 Nc6 5. g3 g6 6. Bg2 Bg7 7. O-O O-O 8. Qe2 e5 9. h3 Re8 10. Re1 h6 11. c3 Be6 12. Nh4 Qd7 13. Kh2 Rad8 14. exd5 Bxd5 15. Ne4 Nxe4 16. dxe4 Be6 17. Be3 b6 18. Rad1 Qe7 19. Qb5 Qc7 20. Bf1 Kh7 21. Bc4 Bxc4 22. Qxc4 Na5 23. Qb5 Qc6 24. Qxc6 Nxc6 25. Kg2 Bf6 26. Nf3 Bg7 27. h4 f5 28.
h5 fxe4 29. hxg6+ Kxg6 30. Nd2 Kf5 31. Rh1 Rd6 32. Nc4 Rxd1 33. Rxd1 Rh8 34. Rd6 Ne7 35. Kh3 Re8 36. g4# 1-0

[Event "Early-Titled-Tuesday-Blitz-February-13-2024"]
[Site "Chess.com"]
[Date "2024.02.13"]
[Round "5"]
[White "TRadjabov"]
[Black "yosephtaher"]
[Result "1/2-1/2"]
[WhiteElo "3036"]
[BlackElo "2927"]
[TimeControl "180+1"]
[EndTime "8:59:41 PST"]
[Termination "Game drawn by repetition"]

1. Nf3 c5 2. Nc3 g6 3. e4 Bg7 4. d4 cxd4 5. Nxd4 Nc6 6. Be3 Nf6 7. Bc4 O-O 8. Bb3 d6 9. f3 Bd7 10. Qd2 Nxd4 11. Bxd4 b5 12. a3 a5 13. Ne2 b4 14.
axb4 axb4 15. O-O Rxa1 16. Rxa1 Qb8 17. Bc4 Rc8 18. b3 Bb5 19. Qxb4 Bxc4 20. Qxb8 Rxb8 21. bxc4 Nd7 22. Ra7 Ne5 23. Bxe5 Bxe5 24. Rxe7 Rb2 25. f4 Bf6 26. Re8+ Kg7 27. c5 Rxc2 28. cxd6 Rxe2 29. e5 Rd2 30. g3 g5 31. exf6+ Kxf6 32. fxg5+ Kxg5 33. Rd8 Kg4 34. Kf1 Kf3 35. Ke1 Rxh2 36. Rf8 Re2+ 37. Kd1 Re6 38. Rxf7+ Kxg3 39. Rxh7 Rxd6+ 40. Ke2 Re6+ 41. Kd3 Rd6+ 42. Ke2 Re6+ 43. Kd3 Rd6+ 44. Ke2 1/2-1/2